[Event "Titled Tuesday Blitz May 18 2021"]
[White "Maghsoodloo, Parham"]
[Black "Deac, Bogdan-Daniel"]
[WhiteFideId "12539929"]
[BlackFideId "1226380"]
[WhiteElo "2601"]
[BlackElo "2605"]
[Result "0-1"]
[Round "05"]
[TimeControl "180+1"]
[Date "2021.05.18"]
[WhiteClock "0:00:32"]
[BlackClock "0:00:09"]

1. d4 Nf6 2. c4 e6 3. Nf3 d5 4. g3 Be7 5. Bg2 O-O 6. O-O dxc4 7. Qc2 b6 8. Rd1 Bb7 9. Bg5 Nbd7 10. Nbd2 b5 11. a4 a6 12. b3 cxb3 13. Nxb3 Be4 14. Qc1 h6 15. Bxf6 Nxf6 16. Na5 c5 17. axb5 axb5 18. dxc5 Qc7 19. Nb3 Rxa1 20. Qxa1 Bc2 21. Nfd4 Bxd1 22. Qxd1 Bxc5 23. Nc6 Qb6 24. e3 Rc8 25. Qc2 Rxc6 26. Bxc6 Qxc6 27. Qxc5 Qf3 28. Qxb5 Ne4 29. Qf1 Nxf2 30. Na1 Nh3+ 31. Qxh3 Qxe3+ 32. Kg2 Qe4+ 33. Kg1 Qd4+ 34. Kg2 Qb2+ 35. Kf3 Qxa1 36. Qh4 Qf6+ 0-1


[Site "https://www.chess.com"]

[Event "Titled Tuesday Blitz May 18 2021"]
[White "Martinez Alcantara, Jose Eduardo"]
[Black "Davtyan, Artur"]
[WhiteFideId "3805662"]
[BlackFideId "13308327"]
[WhiteElo "2690"]
[BlackElo "2311"]
[Result "1-0"]
[Round "05"]
[TimeControl "180+1"]
[Date "2021.05.18"]
[WhiteClock "0:00:52"]
[BlackClock "0:00:27"]

1. e4 e5 2. Nf3 Nc6 3. Bb5 a6 4. Ba4 Nf6 5. d3 Bc5 6. c3 d6 7. h3 O-O 8. Bg5 h6 9. Bh4 Ba7 10. Nbd2 b5 11. Bb3 Be6 12. Qe2 g5 13. Nxg5 hxg5 14. Bxg5 Kg7 15. Rf1 Qd7 16. f4 Nh7 17. Qh5 f6 18. Bh6+ Kh8 19. Bxf8 Rxf8 20. f5 Bxb3 21. axb3 a5 22. Nf3 Rg8 23. Nh4 Rg5 24. Ng6+ Kg8 25. Qf3 Ne7 26. Rxa5 Bb6 27. Ra8+ Kg7 28. h4 Nxg6 29. hxg5 Nxg5 30. Qh5 Nf8 31. Rh1 Qe7 32. Re8 1-0


[Site "https://www.chess.com"]

[Event "Titled Tuesday Blitz May 18 2021"]
[White "Martirosyan, Haik M."]
[Black "Blanco Ronquillo, Humberto L."]
[WhiteFideId "13306553"]
[BlackFideId "3504239"]
[WhiteElo "2656"]
[BlackElo "2423"]
[Result "1-0"]
[Round "05"]
[TimeControl "180+1"]
[Date "2021.05.18"]
[WhiteClock "0:01:20"]
[BlackClock "0:01:01"]

1. c4 Nf6 2. g3 e6 3. Bg2 d5 4. Nf3 Be7 5. O-O O-O 6. b3 c5 7. Bb2 Nc6 8. e3 b6 9. Nc3 Bb7 10. d3 Rc8 11. Qe2 Qd6 12. Rad1 Rfd8 13. cxd5 Nxd5 14. Nxd5 exd5 15. d4 Nb4 16. dxc5 bxc5 17. Be5 Qe6 18. Qb2 Ba6 19. Bxg7 Bxf1 20. Rxf1 d4 21. Nxd4 cxd4 22. Bxd4 Rc2 23. Qb1 Rdc8 24. Qd1 Bf6 25. Bxf6 Qxf6 26. Qg4+ Kh8 27. Qxb4 Rxa2 28. Bd5 Rc1 29. Qf8# 1-0


[Site "https://www.chess.com"]

[Event "Titled Tuesday Blitz May 18 2021"]
[White "Molina, Roberto Junio Brito"]
[Black "dropstoneDP"]
[WhiteFideId "2109450"]
[WhiteElo "2402"]
[BlackElo "2900"]
[Result "0-1"]
[Round "05"]
[TimeControl "180+1"]
[Date "2021.05.18"]
[WhiteClock "0:00:02"]
[BlackClock "0:00:07"]

1. d4 Nf6 2. e3 g6 3. Nf3 Bg7 4. b3 O-O 5. Bb2 a5 6. a3 d5 7. Be2 c6 8. O-O a4 9. b4 b5 10. Ne5 Ra6 11. Nd2 Nbd7 12. f4 Ne8 13. e4 Nd6 14. Bd3 Nf6 15. Qe2 dxe4 16. Nxe4 Nfxe4 17. Bxe4 Nxe4 18. Qxe4 Bf5 19. Qe2 Be6 20. Rae1 Qd5 21. c3 Raa8 22. Bc1 Rac8 23. Nd3 Qc4 24. Qd2 Rfe8 25. Nc5 Bf5 26. h3 Qd5 27. g4 Bd7 28. Qg2 Qxg2+ 29. Kxg2 Rcd8 30. f5 Bc8 31. Bg5 Bf8 32. Bh4 Rd5 33. Re5 f6 34. Rxd5 cxd5 35. Re1 gxf5 36. gxf5 Kf7 37. Ne6 Bd7 38. Re3 Rc8 39. Kf3 Bh6 40. Re2 Rxc3+ 41. Kg4 Rxa3 42. Nd8+ Ke8 43. Nb7 Re3 44. Rc2 Re4+ 45. Kh5 Bxf5 46. Rc7 Bf4 47. Rc3 Bg6+ 48. Kg4 Bd2+ 49. Kf3 Bxc3 0-1


[Site "https://www.chess.com"]

[Event "Titled Tuesday Blitz May 18 2021"]
[White "Moskalenko, Alexander"]
[Black "Artemiev, Vladislav"]
[WhiteFideId "4155351"]
[BlackFideId "24101605"]
[WhiteElo "2495"]
[BlackElo "2783"]
[Result "1/2-1/2"]
[Round "05"]
[TimeControl "180+1"]
[Date "2021.05.18"]
[WhiteClock "0:00:13"]
[BlackClock "0:00:05"]

1. d4 g6 2. e4 Bg7 3. Nf3 c6 4. Nc3 d5 5. h3 dxe4 6. Nxe4 Nf6 7. Bd3 Nxe4 8. Bxe4 Bf5 9. Bxf5 Qa5+ 10. c3 Qxf5 11. O-O O-O 12. Re1 Re8 13. Qb3 Qb5 14. Bf4 Nd7 15. Rad1 Qxb3 16. axb3 a5 17. Ne5 Nxe5 18. Bxe5 e6 19. Bxg7 Kxg7 20. g4 a4 21. bxa4 Rxa4 22. d5 cxd5 23. Rxd5 Re7 24. Kg2 Rc7 25. Rd6 Ra5 26. Rb6 Rd5 27. Re4 Rd2 28. Reb4 Rdd7 29. Kf3 g5 30. Ke3 Kg6 31. R4b5 h6 32. Ke2 Re7 33. Kd3 Red7+ 34. Kc2 h5 35. f3 hxg4 36. hxg4 Re7 37. b3 f6 38. c4 Kf7 39. Kd3 Red7+ 40. Ke3 Re7 41. Rd6 Red7 42. Rxd7+ Rxd7 43. Rb6 f5 44. gxf5 exf5 45. c5 Re7+ 46. Kf2 g4 47. fxg4 fxg4 48. b4 Ke8 49. Kg3 Rg7 50. Rd6 Ke7 51. Rd4 Ke6 52. Rd8 Ke5 53. Rd1 Ke4 54. b5 Ke5 55. Rd2 Ke6 56. Kf4 Rf7+ 57. Kxg4 Rc7 58. Rd6+ Ke5 59. Rb6 Kd5 60. c6 bxc6 61. bxc6 Rxc6 62. Rxc6 Kxc6 1/2-1/2


[Site "https://www.chess.com"]

[Event "Titled Tuesday Blitz May 18 2021"]
[White "Naroditsky, Daniel"]
[Black "Wong, Yinn Long"]
[WhiteFideId "2026961"]
[BlackFideId "5707684"]
[WhiteElo "2608"]
[BlackElo "2016"]
[Result "1-0"]
[Round "05"]
[TimeControl "180+1"]
[Date "2021.05.18"]
[WhiteClock "0:01:14"]
[BlackClock "0:00:14"]

1. b3 d5 2. Bb2 Bg4 3. f3 Bf5 4. e3 Nf6 5. g4 Bg6 6. Ne2 e6 7. h4 h5 8. g5 Nfd7 9. Nf4 Rg8 10. Nxg6 fxg6 11. f4 Bd6 12. c4 Qe7 13. Qc2 Nf8 14. Bd3 Qf7 15. Nc3 Nc6 16. a3 O-O-O 17. O-O-O Qe7 18. cxd5 exd5 19. Nxd5 Qe8 20. Be4 Ne7 21. Kb1 Ne6 22. b4 Nxd5 23. Bxd5 c6 24. Be4 Nf8 25. b5 c5 26. Qc4 Ne6 27. Bd5 Kd7 28. Bxb7 1-0


[Site "https://www.chess.com"]

[Event "Titled Tuesday Blitz May 18 2021"]
[White "Nesterov, Arseniy"]
[Black "Sadhwani, Raunak"]
[WhiteFideId "24198455"]
[BlackFideId "35093487"]
[WhiteElo "2441"]
[BlackElo "2514"]
[Result "1-0"]
[Round "05"]
[TimeControl "180+1"]
[Date "2021.05.18"]
[WhiteClock "0:00:11"]
[BlackClock "0:00:01"]

1. d4 c5 2. d5 e5 3. c4 d6 4. Nc3 Be7 5. Nf3 Bg4 6. e4 Bxf3 7. Qxf3 Bg5 8. Bxg5 Qxg5 9. h4 Qe7 10. g3 Nf6 11. Bh3 h5 12. O-O O-O 13. a3 Nbd7 14. Qe2 g6 15. b4 Rac8 16. Rfb1 Rb8 17. Na4 b6 18. bxc5 Nxc5 19. Nxc5 bxc5 20. Qc2 Qc7 21. f3 Rb6 22. Rxb6 axb6 23. Rb1 Rb8 24. Rb3 Kf8 25. Kh2 Qa7 26. Qb2 Qa6 27. Rb5 Ke7 28. f4 exf4 29. e5 fxg3+ 30. Kg2 Ne4 31. Qe2 Nc3 32. Qf3 Nxb5 33. Qf6+ Kf8 34. Qh8+ Ke7 35. exd6+ Nxd6 36. Qe5+ Kf8 37. Qxd6+ Kg7 38. Qxb8 Qxc4 39. Qe5+ Kf8 40. d6 Qc2+ 41. Kxg3 Qd3+ 42. Kh2 Qd4 43. Qe7+ Kg7 44. d7 Qf4+ 45. Kh1 Qc1+ 46. Kg2 Qd2+ 47. Kf1 Qd3+ 48. Ke1 Qc3+ 49. Ke2 Qc2+ 50. Kf3 Qd1+ 51. Qe2 Qd5+ 52. Qe4 Qd1+ 53. Kg3 c4 54. Qe5+ Kh7 55. Qf6 Qd3+ 56. Qf3 Qd6+ 57. Kg2 1-0


[Site "https://www.chess.com"]

[Event "Titled Tuesday Blitz May 18 2021"]
[White "Pantsulaia, Levan"]
[Black "Cunjalo, Faris"]
[WhiteFideId "13602071"]
[BlackFideId "14410710"]
[WhiteElo "2530"]
[BlackElo "2234"]
[Result "1-0"]
[Round "05"]
[TimeControl "180+1"]
[Date "2021.05.18"]
[WhiteClock "0:01:56"]
[BlackClock "0:01:12"]

1. g3 d5 2. Bg2 g6 3. c4 d4 4. Nf3 Bg7 5. O-O c5 6. d3 Nc6 7. e3 Nf6 8. exd4 cxd4 9. Re1 Nd7 10. Nbd2 O-O 11. a3 a5 12. Rb1 Nc5 13. Nb3 Nxb3 14. Qxb3 a4 15. Qc2 Re8 16. b4 axb3 17. Rxb3 e5 18. Ng5 h6 19. Ne4 Qe7 20. c5 Be6 21. Rb1 Ra7 22. Nd6 Rd8 23. Bd2 Rd7 24. Nc8 Qd8 25. Nxa7 Nxa7 26. Rxb7 Rxb7 27. Bxb7 Qc7 28. Bg2 Nb5 29. c6 Nxa3 30. Qc5 Bf8 31. Qxe5 Bd6 32. Qa5 1-0


[Site "https://www.chess.com"]

[Event "Titled Tuesday Blitz May 18 2021"]
[White "Postny, Evgeny"]
[Black "Sasikiran, Krishnan"]
[WhiteFideId "2804344"]
[BlackFideId "5004985"]
[WhiteElo "2537"]
[BlackElo "2552"]
[Result "1-0"]
[Round "05"]
[TimeControl "180+1"]
[Date "2021.05.18"]
[WhiteClock "0:00:16"]
[BlackClock "0:00:57"]

1. d4 d5 2. c4 c6 3. Nf3 Nf6 4. Nbd2 a5 5. g3 g6 6. Bg2 Bg7 7. O-O O-O 8. b3 Bf5 9. Bb2 a4 10. bxa4 Qa5 11. Ne5 Qxa4 12. Qxa4 Rxa4 13. cxd5 cxd5 14. Nb3 Na6 15. Rfc1 h5 16. e3 Ra8 17. a3 Ng4 18. Nxg4 hxg4 19. Bxd5 Ra7 20. Bc4 Bd7 21. Bxa6 R4xa6 22. Nc5 Rb6 23. Nxd7 Rxb2 24. Rc8+ Kh7 25. Rc7 Ra5 26. Nc5 e5 27. Nd3 Rd2 28. Nxe5 Bxe5 29. dxe5 Rxe5 30. Rxf7+ Kh6 31. Rxb7 Rf5 32. Rf1 Ra2 33. Rb4 Kg5 34. a4 Rc5 35. Rb5 Rxb5 36. axb5 Rb2 37. Kg2 Rxb5 38. h3 gxh3+ 39. Kxh3 Rb3 40. Kg2 Kg4 41. Rc1 g5 42. Rc4+ Kf5 43. g4+ Ke5 44. Rc5+ Kf6 45. Rc6+ Ke5 46. Rg6 1-0


[Site "https://www.chess.com"]

[Event "Titled Tuesday Blitz May 18 2021"]
[White "Rasulov, Vugar"]
[Black "Sjugirov, Sanan"]
[WhiteFideId "13402390"]
[BlackFideId "4189302"]
[WhiteElo "2553"]
[BlackElo "2472"]
[Result "0-1"]
[Round "05"]
[TimeControl "180+1"]
[Date "2021.05.18"]
[WhiteClock "0:00:13"]
[BlackClock "0:00:03"]

1. e4 c5 2. Nf3 d6 3. d4 cxd4 4. Nxd4 Nf6 5. Nc3 a6 6. Be3 e5 7. Nf3 Be7 8. Bc4 O-O 9. O-O Be6 10. Bxe6 fxe6 11. Na4 Ng4 12. Qd3 Nxe3 13. Qxe3 b5 14. Nb6 Ra7 15. Nd5 Rb7 16. Qd3 Kh8 17. Nxe7 Qxe7 18. Rfd1 Rb6 19. c3 Nd7 20. b4 Nf6 21. a4 Qc7 22. axb5 axb5 23. h3 d5 24. Nd2 h6 25. exd5 exd5 26. Nf1 Rc6 27. Ra3 Ne4 28. Qe3 Nxc3 29. Rda1 d4 30. Qd3 e4 31. Qd2 Rcf6 32. Ra8 Qc4 33. Rxf8+ Rxf8 34. Ng3 Qxb4 35. Nxe4 Qc4 36. Ng3 b4 37. Ra7 b3 38. Rb7 Nb5 39. Kh2 Qd5 40. Qb4 Qxb7 41. Qxf8+ Kh7 42. Qf5+ g6 43. Qd3 Nc3 44. Nh5 b2 45. Nf6+ Kg7 46. Qxd4 Qc7+ 47. f4 Kf7 48. Ng4 b1=Q 49. Qf6+ Ke8 50. Ne5 Qb3 51. Qxg6+ Kd8 52. Qxh6 Kc8 53. Qg6 Kb7 54. h4 Qb4 55. Qg4 Nd5 56. Nd3 Qd4 57. Qf3 Ka7 58. g3 Qc2+ 59. Kh3 Qcxd3 60. Qg4 Qf1+ 61. Kh2 Qdg1# 0-1


[Site "https://www.chess.com"]

[Event "Titled Tuesday Blitz May 18 2021"]
[White "Salem, A.R. Saleh"]
[Black "Preotu, Razvan"]
[WhiteFideId "9301348"]
[BlackFideId "2613280"]
[WhiteElo "2659"]
[BlackElo "2407"]
[Result "1-0"]
[Round "05"]
[TimeControl "180+1"]
[Date "2021.05.18"]
[WhiteClock "0:01:38"]
[BlackClock "0:00:13"]

1. d4 Nf6 2. c4 g6 3. Nc3 d5 4. cxd5 Nxd5 5. e4 Nxc3 6. bxc3 Bg7 7. Bc4 c5 8. Ne2 Nc6 9. Be3 O-O 10. Rc1 cxd4 11. cxd4 Qa5+ 12. Rc3 Rd8 13. Qd2 e6 14. O-O b5 15. Bb3 Bb7 16. Rfc1 Rac8 17. h4 Qb4 18. h5 Nxd4 19. Nxd4 Rxc3 20. Rxc3 Bxd4 21. Rc8 Qf8 22. Rxd8 Qxd8 23. Qxd4 Qxd4 24. Bxd4 Bxe4 25. f3 Bc6 26. hxg6 hxg6 27. Bxa7 1-0


[Site "https://www.chess.com"]

[Event "Titled Tuesday Blitz May 18 2021"]
[White "Sanal, Vahap"]
[Black "Nakamura, Hikaru"]
[WhiteFideId "6300545"]
[BlackFideId "2016192"]
[WhiteElo "2507"]
[BlackElo "2900"]
[Result "0-1"]
[Round "05"]
[TimeControl "180+1"]
[Date "2021.05.18"]
[WhiteClock "0:00:02"]
[BlackClock "0:00:22"]

1. e4 e5 2. Nf3 Nc6 3. Bb5 a6 4. Ba4 g6 5. c3 b5 6. Bb3 Bg7 7. O-O Nge7 8. a4 b4 9. d4 bxc3 10. bxc3 exd4 11. cxd4 O-O 12. Nc3 d6 13. h3 Na5 14. Ba2 c5 15. Be3 Be6 16. Bxe6 fxe6 17. Rc1 Nc4 18. Bg5 h6 19. Bh4 cxd4 20. Nxd4 Qd7 21. Nce2 Rac8 22. Qb3 d5 23. Rfd1 g5 24. Bg3 Ng6 25. exd5 exd5 26. Qd3 Qf7 27. Rb1 Rce8 28. Kh1 Re4 29. Rb3 h5 30. Rdb1 h4 31. Rb7 Qf6 32. Bh2 Qxf2 33. Bg1 Qf6 34. Nf3 Qf5 35. Ned4 Qf6 36. Ne2 Rd8 37. Ra7 Nge5 38. Nxe5 Nxe5 39. Qd1 Rd7 40. Rxd7 Nxd7 41. Qxd5+ Qe6 42. Qxe6+ Rxe6 43. Nd4 Re4 44. Nf5 Bf8 45. Rb7 Nc5 46. Rb8 Ne6 47. Ra8 Rxa4 48. Ne7+ Kf7 49. Nc6 Ra1 50. Ra7+ Kf6 51. g4 Bc5 0-1


[Site "https://www.chess.com"]

[Event "Titled Tuesday Blitz May 18 2021"]
[White "Sevian, Samuel"]
[Black "Kovalev, Vladislav"]
[WhiteFideId "2040506"]
[BlackFideId "13504398"]
[WhiteElo "2982"]
[BlackElo "2573"]
[Result "0-1"]
[Round "05"]
[TimeControl "180+1"]
[Date "2021.05.18"]
[WhiteClock "0:00:11"]
[BlackClock "0:00:12"]

1. e4 e5 2. Nf3 Nc6 3. Bb5 a6 4. Ba4 Nf6 5. O-O Be7 6. Re1 b5 7. Bb3 d6 8. c3 O-O 9. d4 Bg4 10. d5 Na5 11. Bc2 c6 12. h3 Bc8 13. dxc6 Qc7 14. Nbd2 Qxc6 15. Nf1 h6 16. Ng3 Be6 17. Nh4 Rfe8 18. Nhf5 Bf8 19. Qf3 Nh7 20. Rd1 Rad8 21. a4 Nb3 22. axb5 axb5 23. Rb1 Nxc1 24. Rbxc1 g6 25. Ne3 Ra8 26. Nd5 h5 27. Nf1 Bh6 28. Nfe3 Kg7 29. Ra1 Rxa1 30. Rxa1 Ra8 31. Rd1 Ra7 32. Nb4 Qc5 33. Ned5 Bg5 34. Bb3 Qc8 35. Qd3 Qc5 36. Qe2 Bd8 37. Nd3 Qc8 38. Qe3 Ra5 39. N3b4 Qc5 40. Qe2 Ra8 41. Bc2 Nf6 42. Nxf6 Bxf6 43. Nd5 Bxd5 44. Rxd5 Ra1+ 45. Rd1 Rxd1+ 46. Qxd1 b4 47. cxb4 Qxb4 48. b3 Bg5 49. Bd3 h4 50. Bc4 Qd2 51. Qxd2 Bxd2 52. Kf1 Bb4 53. Ke2 f5 54. f3 fxe4 55. fxe4 Kf6 56. Bb5 Kg5 57. Be8 Bc5 58. Kd3 Kf6 59. Kc4 g5 60. b4 Bd4 61. Kd5 Ke7 62. Ba4 Be3 63. Kc6 Bd4 64. Bd1 Bc3 65. b5 Bd4 66. b6 Kd8 67. Bg4 Be3 68. b7 Ba7 69. Kxd6 Bb8+ 70. Ke6 Kc7 71. Kf6 Ba7 72. Kxg5 Bf2 73. Kf6 Kxb7 74. Kxe5 Kc7 75. Kf6 Kd8 76. e5 Bd4 77. Kg5 Bxe5 78. Kxh4 Ke7 79. Kg5 Bg3 80. h4 Kf7 81. Be2 Kg7 82. Kg4 Be1 83. Kh3 Kf6 84. g4 Bd2 85. Kg2 Be3 86. Kf3 Bc1 87. Bd3 Bd2 88. Bf5 Bc1 89. Ke4 Bh6 90. Bc8 Bc1 91. Kd5 Bd2 92. Ba6 Bc1 93. Bd3 Bd2 94. Kd6 Bc1 95. Kd7 Bd2 96. Ke8 Bc1 97. Kf8 Bd2 98. Kg8 Bc1 99. Kh7 Bd2 100. h5 Bc1 101. h6 Bd2 102. Bf5 Be3 103. Kg8 Bxh6 0-1


[Site "https://www.chess.com"]

[Event "Titled Tuesday Blitz May 18 2021"]
[White "Triapishko, Alexandr"]
[Black "Sydoryka, Vladyslav"]
[WhiteFideId "14122286"]
[BlackFideId "14145928"]
[WhiteElo "2490"]
[BlackElo "2245"]
[Result "1-0"]
[Round "05"]
[TimeControl "180+1"]
[Date "2021.05.18"]
[WhiteClock "0:00:03"]
[BlackClock "0:00:10"]

1. d4 Nf6 2. Bg5 e6 3. e4 h6 4. Bxf6 Qxf6 5. c3 d6 6. Bc4 Qg6 7. Qf3 Be7 8. Ne2 c5 9. dxc5 dxc5 10. Bb5+ Bd7 11. Bxd7+ Nxd7 12. O-O O-O 13. Nf4 Qf6 14. Nd2 Bd6 15. Nd3 Qe7 16. a4 Bc7 17. Nc4 b6 18. e5 Rab8 19. Rfe1 a6 20. b3 Rfc8 21. Rad1 b5 22. axb5 axb5 23. Nd6 Bxd6 24. exd6 Qf6 25. c4 bxc4 26. bxc4 Rb3 27. Qxf6 gxf6 28. Re3 Rc6 29. Rg3+ Kf8 30. Ne5 Rxg3 31. Nxd7+ Ke8 32. Nxf6+ Kd8 33. hxg3 Ra6 34. f3 Ra4 35. Rb1 Rb4 36. Rxb4 cxb4 37. Ne4 b3 38. c5 b2 39. Nc3 Kd7 40. Kf2 Kc6 41. Ke3 Kxc5 42. d7 Kb4 43. Nb1 Kb3 44. d8=Q Kc2 45. Qd3+ Kc1 46. Nc3 b1=Q 47. Qxb1# 1-0


[Site "https://www.chess.com"]

[Event "Titled Tuesday Blitz May 18 2021"]
[White "Van Foreest, Jorden"]
[Black "Szpar, Milosz"]
[WhiteFideId "1039784"]
[BlackFideId "1184989"]
[WhiteElo "2622"]
[BlackElo "2282"]
[Result "1-0"]
[Round "05"]
[TimeControl "180+1"]
[Date "2021.05.18"]
[WhiteClock "0:00:31"]
[BlackClock "0:00:03"]

1. e4 c5 2. Nf3 Nc6 3. c3 d5 4. exd5 Qxd5 5. d4 Bg4 6. Be2 cxd4 7. cxd4 e6 8. Nc3 Qa5 9. O-O Nf6 10. h3 Bh5 11. a3 Bd6 12. Be3 O-O 13. b4 Qd8 14. Qb3 Rc8 15. Rfd1 Ne7 16. Bg5 Bb8 17. Bxf6 gxf6 18. d5 Bxf3 19. Bxf3 Qd6 20. dxe6 Qh2+ 21. Kf1 Ng6 22. g3 h5 23. Nd5 fxe6 24. Ne3 h4 25. Qxe6+ Kh8 26. Ng4 Qxh3+ 27. Bg2 Rce8 28. Qf5 Re5 29. Qxg6 Rg5 30. Qh6+ 1-0


[Site "https://www.chess.com"]

[Event "Titled Tuesday Blitz May 18 2021"]
[White "ViditYT"]
[Black "Visakh N R"]
[BlackFideId "25012223"]
[WhiteElo "2947"]
[BlackElo "2428"]
[Result "1/2-1/2"]
[Round "05"]
[TimeControl "180+1"]
[Date "2021.05.18"]
[WhiteClock "0:00:06"]
[BlackClock "0:00:04"]

1. d4 Nf6 2. c4 e6 3. Nf3 d5 4. Nc3 dxc4 5. e4 Bb4 6. Bxc4 Nxe4 7. O-O Nxc3 8. bxc3 Be7 9. Ne5 O-O 10. Qg4 Nc6 11. Bf4 Nxe5 12. dxe5 Kh8 13. Rad1 Qe8 14. Bd3 Bd7 15. Qh3 g6 16. Rfe1 Rd8 17. Qh6 Rg8 18. Bg5 Ba4 19. Rd2 Bxg5 20. Qxg5 Qf8 21. Re3 Qg7 22. Rb2 Bc6 23. h4 Rd5 24. Qf4 Rgd8 25. Be2 h6 26. Kh2 R5d7 27. a4 a6 28. a5 h5 29. Rg3 Kh7 30. Bxh5 Qh6 31. Qxh6+ Kxh6 32. Bf3 Bxf3 33. Rxf3 c6 34. Rb4 Re7 35. Rff4 Rd5 36. Rb6 Rxa5 37. Rfb4 Rxe5 38. Rxb7 Rxb7 39. Rxb7 Kg7 40. Rb6 Rc5 41. Rxa6 Rxc3 42. g3 Rc1 43. Kg2 c5 44. Rc6 c4 45. Rc7 Kf6 46. g4 c3 47. g5+ Ke5 48. Rxf7 Rd1 49. Rc7 Rd3 50. h5 gxh5 51. g6 Rd4 52. Rxc3 Rg4+ 53. Kh3 Rxg6 54. Kh4 Rf6 55. Re3+ Kd5 56. f3 Rf5 57. Kg3 e5 58. Re1 Rf4 59. Rd1+ Ke6 60. Rh1 h4+ 61. Rxh4 Kf5 62. Rh5+ Kf6 63. Rh6+ Kf5 64. Rh8 Rd4 65. Rf8+ Ke6 66. Re8+ Kf5 67. Ra8 Kf6 68. Ra6+ Kf5 69. Ra5 Rc4 70. Rb5 Rd4 71. Ra5 Rb4 72. Ra1 Rc4 73. Rh1 Rb4 74. Rh5+ Kf6 75. Rh8 Rb3 76. Kg4 Rb4+ 77. Kg3 Rb3 78. Re8 Kf5 79. Rf8+ Ke6 80. Kg4 Rb1 81. Re8+ Kf6 82. Rf8+ Kg6 83. Re8 Rg1+ 84. Kh3 Kf6 85. Rf8+ Ke7 86. Ra8 Ke6 87. Rf8 Kd5 88. Re8 Kd4 89. Kh2 Rg7 90. Kh3 Rg6 91. Kh4 Rg7 92. Kh3 Rg5 93. Kh4 Rf5 94. Kg3 Rf4 95. Kf2 e4 96. Rxe4+ Rxe4 97. fxe4 Kxe4 1/2-1/2


[Site "https://www.chess.com"]

[Event "Titled Tuesday Blitz May 18 2021"]
[White "Xiong, Jeffery"]
[Black "Maze, Sebastien"]
[WhiteFideId "2047640"]
[BlackFideId "613762"]
[WhiteElo "2724"]
[BlackElo "2462"]
[Result "0-1"]
[Round "05"]
[TimeControl "180+1"]
[Date "2021.05.18"]
[WhiteClock "0:02:23"]
[BlackClock "0:01:38"]

1. e4 c5 2. Nf3 Nc6 3. d4 cxd4 4. Nxd4 g6 5. Nc3 Bg7 6. Nxc6 bxc6 7. Bc4 d6 8. O-O Nf6 9. h3 O-O 10. Be3 e6 11. Bb3 d5 12. Qe1 Ba6 13. Ba4 Bxf1 14. Qxf1 Qc7 15. Rd1 Rfd8 16. Qa6 Nxe4 17. Nxe4 dxe4 18. Rxd8+ Rxd8 19. g3 Bd4 20. Bg5 0-1


[Site "https://www.chess.com"]

[Event "Titled Tuesday Blitz May 18 2021"]
[White "Zhigalko, Sergei"]
[Black "Acor, Corey"]
[WhiteFideId "13502956"]
[BlackFideId "2024861"]
[WhiteElo "2662"]
[BlackElo "2784"]
[Result "1-0"]
[Round "05"]
[TimeControl "180+1"]
[Date "2021.05.18"]
[WhiteClock "0:00:03"]
[BlackClock "0:00:02"]

1. e4 e5 2. Nf3 Nc6 3. Bc4 Bc5 4. b4 Bb6 5. a4 a6 6. Nc3 d6 7. Nd5 Ba7 8. d3 h6 9. O-O Nf6 10. c3 Nxd5 11. Bxd5 O-O 12. Be3 Be6 13. Bxa7 Rxa7 14. d4 exd4 15. Nxd4 Bxd5 16. exd5 Nxd4 17. Qxd4 Ra8 18. Rfe1 Re8 19. a5 Qd7 20. h3 Rxe1+ 21. Rxe1 Re8 22. Re3 Rxe3 23. Qxe3 Kf8 24. Qa7 Qc8 25. c4 c6 26. c5 Ke7 27. Qb6 dxc5 28. Qxc5+ Kd7 29. dxc6+ Qxc6 30. Qd4+ Ke7 31. Qxg7 Qc1+ 32. Kh2 Qf4+ 33. Kg1 Qc1+ 34. Kh2 Qf4+ 35. Qg3 Qxb4 36. Qe5+ Kd7 37. g4 Qd6 38. Qxd6+ Kxd6 39. h4 b6 40. axb6 a5 41. h5 f6 42. f4 a4 43. g5 fxg5 44. fxg5 a3 45. g6 a2 46. g7 a1=Q 47. g8=Q Qb2+ 48. Qg2 Qxb6 49. Qg6+ Kc7 50. Kg3 Qe3+ 51. Kg4 Qg1+ 52. Kf5 Qf2+ 53. Ke6 Qa2+ 54. Kf6 Qf2+ 55. Kg7 Qd4+ 56. Kxh6 Qe3+ 57. Kh7 Qe4 58. Qxe4 Kd6 59. Qf5 1-0


[Site "https://www.chess.com"]

[Event "Titled Tuesday Blitz May 18 2021"]
[White "Alekseenko, Kirill"]
[Black "Moskalenko, Alexander"]
[WhiteFideId "4135539"]
[BlackFideId "4155351"]
[WhiteElo "2580"]
[BlackElo "2495"]
[Result "1-0"]
[Round "06"]
[TimeControl "180+1"]
[Date "2021.05.18"]
[WhiteClock "0:00:08"]
[BlackClock "0:00:09"]

1. d4 e6 2. Bf4 c5 3. e3 Nf6 4. Nc3 cxd4 5. exd4 a6 6. Bd3 b6 7. Nf3 Bb7 8. O-O d6 9. Re1 Be7 10. Qe2 Nbd7 11. Ng5 O-O 12. h4 Re8 13. Nxf7 Kxf7 14. Qxe6+ Kf8 15. Re3 d5 16. Rae1 Bb4 17. Bd6+ Bxd6 18. Qxd6+ Kf7 19. Bf5 Rxe3 20. Rxe3 Nf8 21. Qf4 Ng6 22. Qg5 Qd6 23. Re6 Qxe6 24. Bxe6+ Kxe6 25. h5 Ne7 26. Qxg7 Rg8 27. Qh6 Nf5 28. Qf4 Ne7 29. f3 Kf7 30. g4 Bc8 31. Kf2 Bxg4 32. fxg4 Rxg4 33. Qc7 Rxd4 34. Ke2 Rh4 35. Qxb6 Rxh5 36. Qxa6 Rh2+ 37. Kf1 Rxc2 38. Nb5 Nf5 39. Qa7+ Kg6 40. Qg1+ Kf7 41. Qa7+ Kg6 42. Nd4 Ne3+ 43. Ke1 Rxb2 44. Ne6 Ng2+ 45. Kf1 Ne4 46. Qg7+ Kf5 47. Qxb2 Ne3+ 48. Ke2 Nc4 49. Nd4+ Ke5 50. Nf3+ Kf4 51. Qb8+ Kf5 52. Nd4+ Kg4 53. a4 Nc3+ 54. Kf1 Nxa4 55. Qf8 Nc3 56. Qf3+ 1-0


[Site "https://www.chess.com"]

[Event "Titled Tuesday Blitz May 18 2021"]
[White "Andreikin, Dmitry"]
[Black "Kovalev, Vladislav"]
[WhiteFideId "4158814"]
[BlackFideId "13504398"]
[WhiteElo "2782"]
[BlackElo "2573"]
[Result "1-0"]
[Round "06"]
[TimeControl "180+1"]
[Date "2021.05.18"]
[WhiteClock "0:00:21"]
[BlackClock "0:00:01"]

1. d4 Nf6 2. c4 g6 3. Nc3 Bg7 4. e4 d6 5. h3 O-O 6. Be3 e5 7. d5 a5 8. Bd3 Na6 9. Nge2 Nc5 10. Bc2 Nh5 11. Qd2 Re8 12. O-O-O Bd7 13. Bg5 Bf6 14. h4 a4 15. Rdg1 Rb8 16. g4 Nf4 17. Nxf4 exf4 18. Qxf4 Bxg5 19. hxg5 Re5 20. Qh2 Kf8 21. f4 Re8 22. Qxh7 Ke7 23. e5 dxe5 24. fxe5 Rf8 25. Bxg6 a3 26. b4 Na4 27. d6+ cxd6 28. Nd5+ Ke6 29. Bxf7+ Kxe5 30. Re1+ Kd4 31. Qe4# 1-0


[Site "https://www.chess.com"]

[Event "Titled Tuesday Blitz May 18 2021"]
[White "Annaberdiyev, Babageldi"]
[Black "Bortnyk, Olexandr"]
[WhiteFideId "14000385"]
[BlackFideId "14120828"]
[WhiteElo "2332"]
[BlackElo "2723"]
[Result "1-0"]
[Round "06"]
[TimeControl "180+1"]
[Date "2021.05.18"]
[WhiteClock "0:00:25"]
[BlackClock "0:00:05"]

1. d4 d6 2. e4 Nc6 3. c3 e5 4. Nf3 Nf6 5. Bb5 Bd7 6. Bxc6 Bxc6 7. d5 Bb5 8. c4 Bxc4 9. Qa4+ b5 10. Qc2 Qd7 11. b3 Qg4 12. Nbd2 Nxe4 13. bxc4 Qxg2 14. Qxe4 Qxh1+ 15. Ke2 Qg2 16. Bb2 Qg6 17. cxb5 Qxe4+ 18. Nxe4 Be7 19. Rc1 Bd8 20. a4 h6 21. h4 f5 22. Ng3 O-O 23. h5 Rf7 24. Rc6 Rb8 25. Bc3 Kh7 26. Ba5 Rb7 27. Nd2 Bh4 28. Nc4 Bxg3 29. fxg3 f4 30. gxf4 exf4 31. Kf3 Kg8 32. Bxc7 Rbxc7 33. Nxd6 Rfd7 34. Ne4 Rf7 35. d6 Rcd7 36. a5 Rf5 37. b6 axb6 38. axb6 Rb7 39. Nc5 Rxb6 40. Rxb6 Rxc5 41. Rb8+ Kf7 42. d7 1-0


[Site "https://www.chess.com"]

[Event "Titled Tuesday Blitz May 18 2021"]
[White "Artemiev, Vladislav"]
[Black "Baklan, Vladimir"]
[WhiteFideId "24101605"]
[BlackFideId "14102196"]
[WhiteElo "2783"]
[BlackElo "2596"]
[Result "1-0"]
[Round "06"]
[TimeControl "180+1"]
[Date "2021.05.18"]
[WhiteClock "0:00:03"]
[BlackClock "0:00:11"]

1. Nf3 c5 2. b3 Nc6 3. Bb2 d6 4. d4 cxd4 5. Nxd4 Bd7 6. c4 Nf6 7. Nc2 Ne4 8. Nd2 Qa5 9. f3 Nf6 10. e4 e6 11. Be2 Be7 12. O-O O-O 13. Kh1 Rfd8 14. f4 Be8 15. Bd3 d5 16. cxd5 exd5 17. Bxf6 dxe4 18. Nxe4 gxf6 19. Ng3 Bd7 20. Qf3 Rac8 21. Rae1 Be6 22. Bc4 Bxc4 23. bxc4 Qxa2 24. Ne3 Kh8 25. Ngf5 Bc5 26. Qh3 Rg8 27. Nh6 Bxe3 28. Nxg8 Rxg8 29. Rxe3 Qxc4 30. Qf3 a5 31. Re4 Qb5 32. h3 a4 33. Ra1 Qb2 34. Rexa4 Nd4 35. Qd5 Ne2 36. Ra8 Ng3+ 37. Kh2 Nf1+ 38. Kg1 Ne3 39. Rxg8+ Kxg8 40. Ra8+ Kg7 41. Qf3 Qd4 42. Kh2 h5 43. Qg3+ Kh6 44. Rh8# 1-0


[Site "https://www.chess.com"]